 Dungeon Crawl Stone Soup version 0.31-a0-175-g9f7f995f2b (webtiles) character file.

Game seed: 6783560235893566768

175084 olmar the Sensei (level 18, -12/116 HPs)
             Began as an Octopode Transmuter on June 16, 2023.
             Was an Initiate of Gozag.
             Mangled by a +1 bardiche of electrocution (38 damage)
             ... on level 2 of the Elven Halls.
             The game lasted 01:18:31 (33761 turns).

olmar the Sensei (Octopode Transmuter)             Turns: 33761, Time: 01:18:32

Health: -12/116    AC:  3    Str: 13    XL:     18   Next: 8%
Magic:  33/33      EV: 24    Int: 45    God:    Gozag
Gold:   2956       SH:  2    Dex: 22    Spells: 19/39 levels left

rFire   + +          .
                       - Unarmed
rCold   + + +        (shield currently unavailable)
rNeg    + + .        (helmet restricted)
rPois   +            N - amulet of Feil Cis {Acrobat Regen+}
rElec   +            e - ring "Quaggiav" {rN++ Int+6}
rCorr   +            P - ring of the Octopus King {rC+ HP+2 AC+2 EV+2 SH+2}
SInv    .            Q - ring of Wiossulo {rPois rF+ Slay+4}
Will    ++...        a - ring of the Final Decision {rF+ Str+2 Int+6}
Stlth   +++++++      R - ring of the Worm {rElec Will+ Int+6 Dex+3}
HPRegen 1.19/turn    y - ring of Liberty {rElec rPois Int+6}
MPRegen 0.23/turn    A - ring "Garuenao" {rC++ Dex+6}
                     M - ring of resist corrosion

%: acrobat
@: mighty, brilliant, lethally poisoned (-12 -> -16), about to teleport, blade
tentacles, wereblooded, gold aura
A: almost no armour, amphibious, 8 rings, camouflage 1, gelatinous body 1,
(nimble swimmer 1), tentacles
a: End Transformation, Renounce Religion, Potion Petition, Call Merchant, Bribe
Branch


You were on level 2 of the Elven Halls.
You worshipped Gozag.
Gozag was most pleased with you.
You had blades for main tentacles.
You visited 5 branches of the dungeon, and saw 25 of its levels.
You also visited: Bailey, Volcano and Desolation.

You collected 13008 gold pieces.
You spent 5957 gold pieces at shops.
You paid 4095 gold pieces to Gozag.

Inventory:

Missiles
 c - 79 poisoned darts
 f - 17 javelins
 u - 8 atropa-tipped darts
 L - 2 throwing nets
Jewellery
 a - the ring of the Final Decision (on tentacle) {rF+ Str+2 Int+6}
   (You found it in the Desolation of Salt)

   [ring of intelligence]

   Str:       It affects your strength (+2).
   Int:       It affects your intelligence (+6).
   rF:        It protects you from fire.
 e - the ring "Quaggiav" (left blade tentacle) {rN++ Int+6}
   (You bought it in a shop on level 4 of the Lair of Beasts)

   [ring of intelligence]

   Int:       It affects your intelligence (+6).
   rN:        It greatly protects you from negative energy.
 o - a ring of willpower
 w - the ring of Men Gulo {EV+5 Dex+2}
   (You found it on level 6 of the Dungeon)

   [ring of evasion]

   EV:        It affects your evasion (+5).
   Dex:       It affects your dexterity (+2).
 y - the ring of Liberty (on tentacle) {rElec rPois Int+6}
   (You bought it in a shop on level 7 of the Dungeon)

   [ring of intelligence]

   Int:       It affects your intelligence (+6).
   rElec:     It insulates you from electricity.
   rPois:     It protects you from poison.
 A - the ring "Garuenao" (on tentacle) {rC++ Dex+6}
   (You bought it in a shop on level 7 of the Dungeon)

   [ring of dexterity]

   Dex:       It affects your dexterity (+6).
   rC:        It greatly protects you from cold.
 J - a ring of wizardry
 M - a ring of resist corrosion (on tentacle)
 N - the amulet of Feil Cis (around mantle) {Acrobat Regen+}
   (You bought it in a shop on level 4 of the Lair of Beasts)

   [amulet of the acrobat]

   It increases your evasion while moving and waiting.
   Regen:     It increases your rate of health regeneration.
 P - a ring of the Octopus King (right blade tentacle) {rC+ HP+2 AC+2 EV+2 SH+2}
   (You bought it in a shop on level 4 of the Lair of Beasts)

   [ring of protection from cold]

   AC:        It affects your AC (+2).
   EV:        It affects your evasion (+2).
   rC:        It protects you from cold.
   HP:        It affects your health (+2).
   SH:        It affects your SH (+2).
 Q - the ring of Wiossulo (on tentacle) {rPois rF+ Slay+4}
   (You bought it in a shop on level 4 of the Lair of Beasts)

   [ring of protection from fire]

   Slay:      It affects your accuracy & damage with ranged weapons and melee
   (+4).
   rF:        It protects you from fire.
   rPois:     It protects you from poison.
 R - the ring of the Worm (on tentacle) {rElec Will+ Int+6 Dex+3}
   (You bought it in a shop on level 4 of the Lair of Beasts)

   [ring of intelligence]

   Int:       It affects your intelligence (+6).
   Dex:       It affects your dexterity (+3).
   rElec:     It insulates you from electricity.
   Will:      It increases your willpower.
 S - the ring of Waaguig {MP+9 Int+4}
   (You found it in the Desolation of Salt)

   [ring of magical power]

   Int:       It affects your intelligence (+4).
   MP:        It affects your magic capacity (+9).
 X - a ring of positive energy
Wands
 d - a wand of roots (12)
 m - a wand of polymorph (8)
 x - a wand of flame (54)
 F - a wand of mindburst (11)
 I - a wand of paralysis (16)
 K - a wand of acid (8)
Scrolls
 g - 8 scrolls of enchant weapon
 h - 7 scrolls of amnesia
 i - 5 scrolls of fog
 j - 5 scrolls of identify
 k - a scroll of brand weapon
 l - 2 scrolls of blinking
 p - 5 scrolls of poison
 v - 4 scrolls of teleportation
 z - a scroll of silence
 D - 4 scrolls of fear
 H - 2 scrolls of immolation
 T - a scroll of butterflies
 U - a scroll of revelation
Potions
 b - 5 potions of enlightenment
 n - 2 potions of heal wounds
 q - a potion of resistance
 r - 7 potions of mutation
 s - 2 potions of attraction
 t - a potion of invisibility
 B - 3 potions of haste
 C - 4 potions of brilliance
 G - 6 potions of curing
 O - a potion of cancellation
 V - a potion of ambrosia
Miscellaneous
 E - a phantom mirror


   Skills:
 + Level 7.0 Fighting
 + Level 11.9 Dodging
 + Level 13.6 Stealth
 - Level 0.1 Shields
 + Level 21.7 Unarmed Combat
 + Level 11.3 Spellcasting
 + Level 11.4 Transmutations
 + Level 6.0 Ice Magic
 - Level 0.1 Earth Magic
 + Level 1.9 Poison Magic


You had 19 spell levels left.
You knew the following spells:

 Your Spells              Type           Power      Damage    Failure   Level
a - Beastly Appendage     Tmut           100%       N/A       3%          1
b - Wereblood             Tmut           100%       N/A       3%          2
c - Ice Form              Ice/Tmut       100%       N/A       10%         4
d - Spider Form           Tmut/Pois      91%        N/A       9%          3
e - Passwall              Tmut/Erth      71%        N/A       8%          2
f - Swiftness             Air            38%        N/A       26%         3
g - Blade Hands           Tmut           57%        N/A       10%         5

Your spell library contained the following spells:

 Spells                   Type           Power      Damage    Failure   Level
 Freeze                   Ice            100%       1d10      7%          1
 Frozen Ramparts          Ice            100%       1d16      10%         3
 Ozocubu's Armour         Ice            88%        N/A       10%         3
 Ensorcelled Hibernation  Hex/Ice        100%       N/A       12%         2
 Hailstorm                Conj/Ice       68%        3d14      14%         3
 Apportation              Tloc           76%        N/A       16%         1
 Magic Dart               Conj           100%       1d8       16%         1
 Necrotise                Necr           100%       1d9       16%         1
 Sandblast                Erth           80%        2d17      16%         1
 Summon Small Mammal      Summ           100%       N/A       16%         1
 Scorch                   Fire           76%        2d8       19%         2
 Searing Ray              Conj           76%        2d7       19%         2
 Call Canine Familiar     Summ           38%        N/A       26%         3
 Dazzling Flash           Conj/Hex       76%        N/A       26%         3
 Portal Projectile        Hex/Tloc       76%        N/A       26%         3
 Summon Guardian Golem    Hex/Summ       38%        N/A       26%         3
 Volatile Blastmotes      Fire/Tloc      76%        2d16      26%         3
 Summon Ice Beast         Ice/Summ       68%        N/A       26%         4
 Anguish                  Hex/Necr       19%        N/A       47%         4
 Cause Fear               Hex            19%        N/A       47%         4
 Flame Wave               Conj/Fire      38%        2d10      47%         4
 Fulminant Prism          Conj/Hex       19%        3d10      47%         4
 Iskenderun's Mystic Bla  Conj/Tloc      38%        2d9       47%         4
 Leda's Liquefaction      Hex/Erth       19%        N/A       47%         4
 Summon Lightning Spire   Summ/Air       38%        N/A       47%         4
 Eringya's Noxious Bog    Tmut/Pois      45%        N/A       47%         6
 Arcjolt                  Conj/Air       19%        1d29      73%         5
 Borgnjor's Vile Clutch   Necr/Erth      19%        N/A       73%         5
 Silence                  Hex/Air        19%        N/A       73%         5
 Summon Forest            Summ/Tloc      19%        N/A       73%         5
 Summon Mana Viper        Hex/Summ       38%        N/A       73%         5
 Ozocubu's Refrigeration  Ice            44%        4d17      92%         7
 Conjure Ball Lightning   Conj/Air       19%        3x3d6     99%         6
 Death Channel            Necr           19%        N/A       99%         6
 Starburst                Conj/Fire      19%        6d7       99%         6
 Summon Cactus Giant      Summ           19%        N/A       99%         6
 Monstrous Menagerie      Summ           19%        N/A       100%        7
 Summon Hydra             Summ           19%        N/A       100%        7
 Discord                  Hex            19%        N/A       100%        8
 Disjunction              Tloc           19%        N/A       100%        8
 Summon Horrible Things   Summ           19%        N/A       100%        8
 Dragon's Call            Summ           19%        N/A       100%        9
 Fire Storm               Conj/Fire      19%        8d5       100%        9
 Shatter                  Erth           20%        3d18*     100%        9
 Animate Dead             Necr           Unusable   N/A       N/A         4

Dungeon Overview and Level Annotations

Branches:
Dungeon (15/15)            Temple (1/1) D:4            Lair (5/5) D:11
 Shoals (0/4) Lair:3        Snake (0/4) Lair:3        Slime (0/5) Lair:5
    Orc (2/2) D:12            Elf (2/3) Orc:2        Vaults (0/5) D:14
 Depths (0/4) D:15         Bailey (visited)         Volcano (visited)
Desolation (visited)

Altars:
Ashenzari
Cheibriados
Dithmenos
Elyvilon
Fedhas
Gozag
Hepliaklqana
Kikubaaqudgha
Makhleb
Nemelex Xobeh
Okawaru
Qazlal
Ru
Sif Muna
Trog
Uskayaw
Vehumet
Wu Jian
Xom
Yredelemnul
Zin
The Shining One
Jiyva

Shops:
D:7 =   D:12 [   D:14 *   Orc:2 !?!:   Elf:1 ?   Lair:4 =

Portals:
Trove: D:10 (show abyssal rune of Zot)

Annotations:
D:2 1 runed translucent door, Crazy Yiuf
D:10 4 transporters


Innate Abilities, Weirdness & Mutations

You have blades for main tentacles.
Your spellcasting is less reliable in this form.
You are incapable of wielding weapons or throwing items.
You cannot wear most types of armour.
You are amphibious.
You can wear up to eight rings at the same time.
Your skin changes colour to match your surroundings (Stealth+).
Your rubbery body absorbs attacks. (AC +1, EV +1)
((You are camouflaged when in or above water. (Stealth+)))
You have tentacles for arms and can constrict up to eight enemies at once.


Message History

The deep elf knight casts a spell.
The deep elf knight seems to speed up.
Unknown command.
As you read the scroll of teleportation, it crumbles to dust.
You feel strangely unstable.
You feel very sick.
The deep elf knight is distracted by your dazzling golden aura.
The +1 bardiche of electrocution misses you.
The deep elf pyromancer gestures at you while chanting.
The sticky flame hits you. You resist.
You are covered in liquid flames!
* * * LOW HITPOINT WARNING * * *
The deep elf knight shouts!
Unknown command. [a] - 240 gold - might and brilliance [b] - 588 gold - heal wounds, curing, berserk rage, haste and enlightenment [c] - 280 gold - haste Purchase which effect?
You feel very mighty all of a sudden.
You feel clever all of a sudden.
You howl as the wereblood boils in your veins!
You are covered in liquid flames!
* * * LOW HITPOINT WARNING * * *
x2 You feel very sick.
The deep elf knight is no longer distracted by gold.
The deep elf knight is distracted by your dazzling golden aura.
You block the +1 bardiche of electrocution's attack.
Unknown command. [a] - 390 gold - heal wounds and magic [b] - 552 gold - resistance, might and haste [c] - 560 gold - haste and resistance Purchase which effect?
You no longer have enough gold to bribe branches to halt enemies' attacks and recruit allies.
You feel much better. Magic courses through your body.
You are covered in liquid flames!
* * * LOW HITPOINT WARNING * * *
You are no longer on fire.
You feel very sick.
The +1 bardiche of electrocution hits you from afar!!!
You die...
Your body crumbles into a pile of gold.

##### #..@#
#.(.e.# ###
#.......#
##.##
#..........
#...##
#...........
.....#
#.............
'...##
##........e...
##)##
##...........
####


You could see a deep elf knight (fast, unaware), a deep elf pyromancer and a +1
bardiche of electrocution.

Vanquished Creatures
  Rupert (D:12)
  A deep elf sorcerer (Elf:2)
  An imperial myrmidon (Desolation)
  A very ugly thing (D:15)
  Nessos (D:12)
  The ghost of frimble the Martial Artist, a journeyman OpWr of Cheibriados (Lair:3)
  2 halazid warlocks (Desolation)
  A bunyip (shapeshifter) (D:15)
  Snorg (D:10)
  A deep elf death mage (Elf:1)
  The ghost of kd29 the Fighter, a journeyman DrTm of Qazlal (D:10)
  A great orb of eyes (D:15)
  6 ragged hierophants (Desolation)
  3 crystal guardians (Desolation)
  6 servants of whispers (Desolation)
  4 peacekeepers (Desolation)
  Fannar (Lair:2)
  2 rakshasas
  2 vault guards (D:14)
  3 hydras
  A catoblepas (Lair:5)
  11 centaur warriors
  4 ogre magi (Orc:2)
  The ghost of Dittersdorf the Protected, a journeyman GrFi of Okawaru (D:10)
  18 dancing weapons
  A death knight (D:14)
  18 two-headed ogres
  6 death yaks (Lair:5)
  A deep troll shaman (Lair:5)
  A tengu warrior (D:14)
  3 boulder beetles
  Urug (D:13)
  9 deep elf knights
  An orc high priest (Elf:1)
  A skeletal warrior (D:14)
  2 skysharks
  Lodul (D:13)
  A fire crab (Volcano)
  6 ironbound convokers (Desolation)
  2 deep elf archers (Elf:1)
  18 slime creatures
  5 lindwurms
  18 deep elf zephyrmancers
  3 orc knights
  An oklob plant (Lair:5)
  3 necromancers (D:14)
  9 ugly things
  2 orc sorcerers
  18 deep elf pyromancers
  12 cyclopes
  6 manticores
  2 guardian serpents (Desolation)
  Maurice (D:13)
  Joseph (D:7)
  A black mamba (Lair:4)
  8 elephants (Lair:5)
  A torpor snail (shapeshifter) (D:15)
  A molten gargoyle (Desolation)
  2 gargoyles (D:11)
  11 cane toads
  Psyche (D:12)
  4 freezing wraiths
  5 rime drakes
  13 komodo dragons
  9 trolls
  4 polar bears
  3 meliai (D:15)
  A wind drake (Lair:3)
  16 blink frogs
  Grinder (D:4)
  6 hornets
  41 saltlings (Desolation)
  Sigmund (D:4)
  39 yaks
  3 shadows (D:11)
  5 air elementals
  8 wyverns
  A spriggan (shapeshifter) (Elf:2)
  6 wraiths
  4 fire elementals
  4 water elementals
  A wyvern (shapeshifter) (D:11)
  20 humans (D:14)
  6 fire bats (Volcano)
  12 basilisks
  18 vampire mosquitoes
  2 steam dragons
  5 wargs
  3 nagas (Lair:3)
  13 water moccasins
  2 hell hounds (Volcano)
  6 acid dragons
  18 orc warriors
  4 black bears
  2 sky beasts
  A black bear (shapeshifter) (D:13)
  36 ogres
  12 wolves
  2 phantoms
  19 centaurs
  12 kobold brigands
  19 bullfrogs
  4 earth elementals (Elf:1)
  A gnoll sergeant (D:5)
  4 scorpions
  3 wights (D:9)
  A howler monkey (D:6)
  4 gnoll boudas
  11 orc priests
  A hound (D:5)
  2 jellies (D:6)
  5 iguanas
  21 orc wizards
  7 hell rats (D:15)
  27 gnolls
  8 adders
  2 white imps (D:5)
  A dart slug (D:3)
  65 orcs
  7 ball pythons
  5 bats
  2 endoplasms
  2 giant cockroaches
  3 hobgoblins
  16 kobolds
  4 quokkas
  3 frilled lizards (D:2)
  9 goblins
  A goblin (shapeshifter) (Elf:1)
  3 rats (D:2)
862 creatures vanquished.

Vanquished Creatures (collateral kills)
  A troll (Orc:2)
1 creature vanquished.

Vanquished Creatures (others)
  A deep elf zephyrmancer (Elf:1)
  A saltling (Desolation)
  A water elemental (Elf:1)
  A bullfrog (Lair:1)
  An orc (Orc:1)
5 creatures vanquished.

Grand Total: 868 creatures vanquished

Notes
Turn   | Place    | Note
-------+----------+-------------------------------------------
     0 | D:1      | olmar the Octopode Transmuter began the quest for the Orb.
     0 | D:1      | Reached XP level 1. HP: 13/13 MP: 3/3
   227 | D:1      | Reached XP level 2. HP: 12/18 MP: 3/5
   644 | D:2      | Found a burning altar of Makhleb.
   658 | D:2      | Learned a level 2 spell: Wereblood
   676 | D:2      | Reached XP level 3. HP: 14/23 MP: 6/6
   965 | D:2      | HP: 1/23 [adder (3)]
   967 | D:2      | Reached skill level 4 in Unarmed Combat
  1122 | D:2      | Reached XP level 4. HP: 28/28 MP: 5/7
  1294 | D:2      | Identified the +0 hammer of Nairerif {heavy, rF+ rC- Str+4}
  1296 | D:2      | Found a runed translucent door.
  1297 | D:2      | Noticed Crazy Yiuf
  1354 | D:3      | Learned a level 4 spell: Ice Form
  1462 | D:3      | Found a faded altar of an unknown god.
  1466 | D:3      | Found a basalt altar of Yredelemnul.
  1470 | D:3      | Prayed at the altar of an unknown god.
  1470 | D:3      | Became a worshipper of Ru the Awakened
  1511 | D:3      | Reached skill level 1 in Stealth
  1525 | D:3      | Found a faded altar of an unknown god.
  1530 | D:3      | Fell from the grace of Ru
  1827 | D:3      | Reached XP level 5. HP: 23/33 MP: 8/8
  1946 | D:3      | Identified a scroll of acquirement
  1946 | D:3      | Acquired 472 gold pieces
  2028 | D:3      | Found a sacrificial altar of Ru.
  2201 | D:3      | Reached skill level 5 in Unarmed Combat
  2203 | D:3      | Reached XP level 6. HP: 34/38 MP: 7/10
  2788 | D:4      | Found a staircase to the Ecumenical Temple.
  2801 | Temple   | Entered the Ecumenical Temple
  2880 | D:4      | Found an opulent altar of Gozag.
  2888 | D:4      | Became a worshipper of Gozag Ym Sagoz the Greedy
  2890 | D:4      | Found a glowing silver altar of Zin.
  3212 | D:4      | Found a hazy altar of Hepliaklqana.
  3213 | D:4      | Found a shimmering altar of Xom.
  3214 | D:4      | Noticed a spectral ugly thing
  3461 | D:4      | Noticed Sigmund
  3470 | D:4      | Killed Sigmund
  3471 | D:4      | Reached skill level 6 in Unarmed Combat
  3471 | D:4      | Reached XP level 7. HP: 43/43 MP: 11/11
  3583 | D:4      | Noticed Grinder
  3599 | D:4      | Killed Grinder
  3802 | D:5      | Entered Level 5 of the Dungeon
  3815 | D:5      | Found a sparkling altar of Nemelex Xobeh.
  3867 | D:5      | Reached skill level 5 in Stealth
  4084 | D:5      | Reached XP level 8. HP: 41/49 MP: 12/12
  4104 | D:5      | Reached skill level 7 in Unarmed Combat
  4123 | D:5      | Found a broken altar of Ashenzari.
  4322 | D:5      | Found a burning altar of Makhleb.
  5676 | D:5      | Learned a level 3 spell: Spider Form
  5730 | D:6      | Reached skill level 8 in Unarmed Combat
  5766 | D:6      | Reached XP level 9. HP: 30/55 MP: 8/14
  6484 | D:6      | Reached skill level 9 in Unarmed Combat
  6502 | D:6      | Reached skill level 1 in Poison Magic
  6617 | D:6      | Identified the ring of Men Gulo {EV+5 Dex+2}
  6881 | D:7      | Found a shadowy altar of Dithmenos.
  6918 | D:7      | Found a flagged portal.
  6947 | Bailey   | Entered a bailey
  6952 | Bailey   | Learned a level 2 spell: Passwall
  7260 | Bailey   | Learned a level 3 spell: Swiftness
  7338 | Bailey   | Reached XP level 10. HP: 63/63 MP: 14/17
  7344 | Bailey   | Reached skill level 10 in Unarmed Combat
  7639 | Bailey   | Found a bloodstained altar of Trog.
  8173 | D:7      | Noticed Joseph
  8191 | D:7      | Killed Joseph
  8192 | D:7      | Reached skill level 5 in Spellcasting
  8192 | D:7      | Reached skill level 5 in Transmutations
  8427 | D:7      | Reached skill level 5 in Dodging
  8447 | D:7      | Found an iron altar of Okawaru.
  8467 | D:7      | Bought the ring of Liberty {rElec rPois Int+6} for 596 gold
                  | pieces
  8467 | D:7      | Bought the ring "Garuenao" {rC++ Dex+6} for 665 gold pieces
  9247 | D:8      | Reached skill level 11 in Unarmed Combat
  9355 | D:8      | Found a snail-covered altar of Cheibriados.
 10126 | D:9      | Reached XP level 11. HP: 65/68 MP: 17/19
 10378 | D:9      | Noticed a cyclops
 10386 | D:9      | Killed a cyclops
 10530 | D:10     | Entered Level 10 of the Dungeon
 10607 | D:10     | Found a bloodstained altar of Trog.
 10709 | D:10     | Found a shimmering blue altar of Sif Muna.
 10731 | D:10     | Found a portal to a secret trove of treasure.
 10817 | D:10     | Found a transporter.
 10890 | D:10     | Found a transporter.
 10908 | D:10     | Found a transporter.
 10980 | D:10     | Found a transporter.
 10982 | D:10     | Found a transporter.
 11081 | D:10     | Found a runed translucent gate.
 11082 | D:10     | Found a runed translucent gate.
 11083 | D:10     | Found a runed translucent gate.
 11083 | D:10     | Noticed kd29's ghost (journeyman DrTm)
 11083 | D:10     | Noticed Dittersdorf's ghost (journeyman GrFi)
 11215 | D:10     | Reached skill level 12 in Unarmed Combat
 11498 | D:10     | Noticed Snorg
 11513 | D:10     | Killed Snorg
 11514 | D:10     | Found a transporter.
 12392 | D:11     | Found a staircase to the Lair.
 12462 | D:11     | Noticed a cyclops
 12477 | D:11     | Noticed a cyclops
 12479 | D:11     | Reached skill level 1 in Ice Magic
 12486 | D:11     | Noticed a manticore
 12514 | D:11     | Killed a cyclops
 12904 | D:11     | Noticed a +0 short sword
 12904 | D:11     | Noticed a +0 spear
 13003 | D:11     | Reached skill level 13 in Unarmed Combat
 13128 | D:11     | Noticed a centaur warrior
 13128 | D:11     | Noticed a centaur warrior
 13144 | D:11     | HP: 5/103 [gargoyle/+0 flail (8)]
 13145 | D:11     | Killed a centaur warrior
 13145 | D:11     | Killed a centaur warrior
 13146 | D:11     | Reached XP level 12. HP: 23/75 MP: 21/21
 13472 | D:11     | Noticed a +0 spear
 13472 | D:11     | Noticed a +0 dagger
 13473 | D:11     | Noticed a +0 dagger
 13475 | D:11     | Noticed a +0 short sword
 13707 | D:11     | Found a hide-covered altar of Uskayaw.
 13825 | D:11     | Noticed a boulder beetle
 13843 | D:11     | Noticed a five-headed hydra
 14003 | Lair:1   | Entered Level 1 of the Lair of Beasts
 14035 | Lair:1   | Reached skill level 14 in Unarmed Combat
 14164 | Lair:1   | Reached skill level 5 in Fighting
 15094 | Lair:1   | Reached skill level 10 in Stealth
 16137 | Lair:2   | Noticed a skyshark
 16154 | Lair:2   | Killed a skyshark
 16155 | Lair:2   | Reached XP level 13. HP: 75/82 MP: 21/23
 16340 | Lair:2   | Noticed Fannar
 16365 | Lair:2   | Killed Fannar
 17253 | Lair:3   | Reached skill level 15 in Unarmed Combat
 17819 | Lair:3   | Found a staircase to the Shoals.
 18003 | Lair:3   | Found a staircase to the Snake Pit.
 18388 | Lair:3   | Found a large runed translucent door.
 18389 | Lair:3   | Found a large runed translucent door.
 18391 | Lair:3   | Noticed frimble's ghost (journeyman OpWr)
 19735 | Lair:4   | Bought the amulet of Feil Cis {Acrobat Regen+} for 481 gold
                  | pieces
 19748 | Lair:4   | Bought the ring "Quaggiav" {rN++ Int+6} for 695 gold pieces
 20028 | Lair:4   | Reached skill level 16 in Unarmed Combat
 20030 | Lair:4   | Reached XP level 14. HP: 89/89 MP: 22/26
 20460 | Lair:5   | Entered Level 5 of the Lair of Beasts
 20587 | Lair:5   | Found a viscous altar of Jiyva.
 20588 | Lair:5   | Found a staircase to the Slime Pits.
 21149 | Lair:5   | Found a dark tunnel.
 21155 | Volcano  | Entered a volcano
 21394 | Volcano  | Identified the +0 helmet of Ybrau {*Corrode rC+ Int+3
                  | Slay+3}
 22464 | Lair:5   | Reached skill level 17 in Unarmed Combat
 22892 | D:12     | Noticed Rupert
 22905 | D:12     | Killed Rupert
 22986 | D:12     | Found a staircase to the Orcish Mines.
 23061 | D:12     | Noticed Psyche
 23064 | D:12     | Reached skill level 10 in Dodging
 23066 | D:12     | Killed Psyche
 23209 | D:12     | Found Imept's Antique Armour Emporium.
 23394 | D:12     | Noticed Nessos
 23401 | D:12     | Killed Nessos
 23722 | D:13     | Noticed Urug
 23770 | Orc:1    | Entered Level 1 of the Orcish Mines
 23912 | Orc:2    | Entered Level 2 of the Orcish Mines
 23988 | Orc:2    | Found a staircase to the Elven Halls.
 24074 | Orc:2    | Reached XP level 15. HP: 94/94 MP: 23/27
 24199 | Orc:2    | Found Saxeredu's Distillery.
 24199 | Orc:2    | Found Viebbioh's Book Boutique.
 24348 | Orc:2    | Reached skill level 18 in Unarmed Combat
 24502 | Orc:2    | Found Issel's Distillery.
 24503 | Orc:2    | Found Tyfeon's Magic Scroll Shoppe.
 24802 | Orc:2    | Reached skill level 5 in Ice Magic
 24907 | Orc:2    | Bought a scroll of identify for 30 gold pieces
 24907 | Orc:2    | Bought a scroll of teleportation for 45 gold pieces
 24907 | Orc:2    | Bought a scroll of poison for 60 gold pieces
 24907 | Orc:2    | Bought a scroll of blinking for 112 gold pieces
 24908 | Orc:2    | Bought a potion of brilliance for 52 gold pieces
 24908 | Orc:2    | Bought 2 potions of curing for 78 gold pieces
 24908 | Orc:2    | Bought a potion of curing for 39 gold pieces
 24908 | Orc:2    | Bought a potion of haste for 130 gold pieces
 24908 | Orc:2    | Bought a potion of haste for 130 gold pieces
 24909 | Orc:2    | Bought a potion of curing for 36 gold pieces
 24909 | Orc:2    | Bought a potion of mutation for 96 gold pieces
 24909 | Orc:2    | Bought a potion of mutation for 96 gold pieces
 24909 | Orc:2    | Bought a potion of brilliance for 48 gold pieces
 24914 | Orc:2    | Bought a scroll of identify for 30 gold pieces
 26089 | D:13     | Killed Urug
 26270 | D:13     | Noticed Lodul
 26282 | D:13     | Killed Lodul
 26543 | D:13     | Noticed Maurice
 26554 | D:13     | Killed Maurice
 27043 | Lair:4   | Bought a ring of the Octopus King {rC+ HP+2 AC+2 EV+2 SH+2}
                  | for 798 gold pieces
 27043 | Lair:4   | Found the ring of the Octopus King {rC+ HP+2 AC+2 EV+2
                  | SH+2}
 27043 | Lair:4   | Bought the ring of Wiossulo {rPois rF+ Slay+4} for 689 gold
                  | pieces
 27043 | Lair:4   | Bought the ring of the Worm {rElec Will+ Int+6 Dex+3} for
                  | 804 gold pieces
 27147 | D:10     | Killed kd29's ghost
 27154 | D:10     | Killed Dittersdorf's ghost
 27279 | Lair:3   | Killed frimble's ghost
 27280 | Lair:3   | Reached skill level 19 in Unarmed Combat
 27434 | Elf:1    | Entered Level 1 of the Elven Halls
 27506 | Elf:1    | Reached XP level 16. HP: 101/101 MP: 29/29
 27705 | Elf:1    | Found a crumbling gateway.
 27718 | Desolati | Entered the Desolation of Salt
 27905 | Desolati | Identified the +6 battleaxe of Zin's Favour {venom, rElec
                  | rCorr MP+9 Stlth+}
 27937 | Desolati | Got the Encyclopedia of Mud
 27947 | Desolati | Identified the +8 long sword of Qazlal's Outrage {protect,
                  | Will+ Int+2 Dex+4 Stlth-}
 28025 | Desolati | Identified the ring of the Final Decision {rF+ Str+2 Int+6}
 28196 | Desolati | Reached skill level 20 in Unarmed Combat
 28364 | Desolati | Reached skill level 10 in Transmutations
 28402 | Desolati | Identified the +10 quarterstaff "Uxo Dan" {speed, rCorr}
 28403 | Desolati | Identified the ring of Waaguig {MP+9 Int+4}
 28407 | Desolati | Got the Incunabulum of Attendants
 28865 | Desolati | Got the Quarto of Spellbinding Evolution
 28867 | Desolati | Got the Almanac of Bread
 28890 | Desolati | Identified the +8 war axe of Sunlight {heavy, rElec rC+
                  | rCorr}
 29000 | Elf:1    | Paralysed by an air elemental for 1 turns
 29120 | Elf:1    | Learned a level 5 spell: Blade Hands
 29315 | Elf:1    | Found Vethramoc's Magic Scroll Shop.
 29318 | Elf:1    | Bought a scroll of teleportation for 45 gold pieces
 29318 | Elf:1    | Bought a scroll of butterflies for 60 gold pieces
 29318 | Elf:1    | Bought a scroll of identify for 30 gold pieces
 29318 | Elf:1    | Bought a scroll of revelation for 112 gold pieces
 29408 | Elf:1    | Reached skill level 10 in Spellcasting
 29686 | Elf:1    | Reached XP level 17. HP: 93/107 MP: 26/31
 30654 | D:14     | Found Rukink's General Store.
 30960 | D:14     | Found a shimmering altar of Xom.
 30964 | D:14     | Found an ancient bone altar of Kikubaaqudgha.
 30964 | D:14     | Found a radiant altar of Vehumet.
 30966 | D:14     | Found an opulent altar of Gozag.
 30966 | D:14     | Found a burning altar of Makhleb.
 30966 | D:14     | Found a hide-covered altar of Uskayaw.
 31187 | D:14     | Found a gate to the Vaults.
 31582 | D:14     | Reached skill level 21 in Unarmed Combat
 31684 | D:15     | Entered Level 15 of the Dungeon
 32359 | D:15     | Found a staircase to the Depths.
 33228 | Elf:2    | Reached XP level 18. HP: 83/112 MP: 27/33
 33266 | Elf:2    | Found a runed translucent gate.
 33267 | Elf:2    | Found a runed translucent gate.
 33267 | Elf:2    | Found a runed translucent gate.
 33495 | Elf:2    | Acquired 1299 gold pieces
 33761 | Elf:2    | Mangled by a +1 bardiche of electrocution

Illustrated notes

Levels and vault maps discovered:
D:1:      sevenhm_arrival_forest_fort_small_5, layout_rooms
D:2:      layout_rooms, basic_altar, small_statue_intersection,
          uniq_crazy_yiuf_cottage
D:3:      layout_basic, nicolae_ru_sacrificial_ziggurat,
          nicolae_overflow_ecumenical_swirl, portal_sewer_entry_d,
          shapermc_ecumenical_altar_notcrosses
D:4:      layout_basic, pdpol_temple_overflow_zin_treasury_gozag_greed,
          regret_index_temple_of_mockery, minmay_temple_entry_overgrown,
          uniq_grinder, uniq_sigmund
D:5:      layout_cave_pods, mainiacjoe_overflow_concentric_impassable,
          mainiacjoe_overflow_catch_the_wave, minmay_misc_feat_roman
D:6:      layout_cave_pools
D:7:      layout_loops_ring, kennysheep_okawaru_gauntlet,
          mainiacjoe_overflow_24_doors, enter_bailey_6, uniq_joseph
D:8:      layout_cave_pools, kennysheep_mini, kennysheep_decorative_pillar,
          ebering_dispersal_statue_hall
D:9:      layout_roguey, lemuel_flamethrower_1
D:10:     layout_basic, mainiacjoe_overflow_catwalk, lemuel_doored_altar,
          gammafunk_ghost_cemetery, nicolae_trove_entry_crossroad,
          grunt_decor_resistance, grunt_ogre_cave, kennysheep_minor_cross,
          serial_nicolae_subway, nicolae_sub_station_metal,
          nicolae_sub_station_crystal, nicolae_sub_station_stone, uniq_snorg
D:11:     minmay_the_grid_triangle_9x9_recursive_3_mashed
          [minmay_the_grid_triangle_9x9_alien,
          minmay_the_grid_triangle_9x9_semitri,
          minmay_the_grid_triangle_9x9_tough_junction,
          minmay_the_grid_triangle_9x9_prize_schism,
          minmay_the_grid_triangle_9x9_from_above,
          minmay_the_grid_triangle_9x9_checkered,
          minmay_the_grid_triangle_9x9_impossible_snake,
          minmay_the_grid_triangle_9x9_dagger,
          minmay_the_grid_triangle_9x9_intruding_spiral], layout_cave_pools,
          david_lair_generic, nicolae_uskayaw_en_pointe
D:12:     layout_loops_cross, orc_0_dummy, serial_shops, nicolae_lakefront_shop,
          uniq_nessos, uniq_rupert, uniq_psyche
D:13:     layout_irregular_city, uniq_lodul, uniq_maurice, uniq_urug
D:14:     layout_roguey, grunt_vaults_entry_tiered, serial_shops,
          nicolae_diamond_shop, minmay_misc_feat_five, minivault_25,
          doesnt_xom_only_xom
D:15:     gammafunk_enter_depths_forms, layout_loops_ring, serial_glass,
          glass_columns_c, glass_columns_b, glass_columns_a, glass_columns_a,
          glass_columns_b, glass_columns_a, glass_columns_a, glass_columns_a,
          glass_columns_b, glass_columns_a, special_room
          [special_room_mythical_zoo]
Temple:   nicolae_temple_ecumenical_triangle
Lair:1:   layout_chaotic_city, nicolae_quartered_pool_impasse,
          chequers_serial_rivers_micro_b, lemuel_fruit_tree, grunt_megastairs_4
Lair:2:   layout_regular_city, grunt_megastairs_1, uniq_fannar
Lair:3:   layout_gridlike, minmay_shoals_entry_beasts,
          minmay_snake_entry_guardpost_large, ebering_ghost_disaster_area,
          infiniplex_staircase_pool, lemuel_fruit_fields
Lair:4:   cheibrodos_lair_overgrown_chateau, layout_regular_city,
          beast_lair_carwin_1
Lair:5:   grunt_lair_end_beastmaster, layout_regular_city,
          minmay_slime_entry_oklob_open, nicolae_volcano_entry_s_turn
Orc:1:    layout_caves
Orc:2:    st_orc_ogre_mass, layout_caves, basic_altar
Elf:1:    eino_elf_arrival_the_gate, layout_onion_city, serial_shops,
          nicolae_shop_rolled_up, portal_desolation_entry_ruin,
          evilmike_minifort, palyth_stone_intersect, lemuel_flamethrower_hall
Elf:2:    nicolae_elf_blades_crystal_corner, layout_geoelf_octagon

Skill      XL: |  1  2  3  4  5  6  7  8  9 10 11 12 13 14 15 16 17 18 |
---------------+-------------------------------------------------------+-----
Unarmed Combat | 4 5 6 8 9 11 13 14 16 17 19 20 21 | 21.7
Stealth        | 2 3 5 7 8 9 10 11 12 13 | 13.6
Dodging        | 3 4 5 6 7 8 10 11 | 11.9
Spellcasting   | 3 4 5 6 7 8 9 10 11 | 11.3
Fighting       | 2 3 4 5 6 7 |  7.0
Transmutations | 3 4 5 6 7 8 9 10 11 | 11.4
Poison Magic   | 1 |  1.9
Ice Magic      | 1 2 3 4 5 6 |  6.0
Shields        | |  0.1
Earth Magic    | |  0.1

Action                     |  1- 3 |  4- 6 |  7- 9 | 10-12 | 13-15 | 16-18 || total
---------------------------+-------+-------+-------+-------+-------+-------++-------
  Melee: Unarmed           |    71 |   108 |   240 |   533 |  1105 |   672 ||  2729
         Tentacles         |    13 |    25 |    43 |    87 |    56 |    93 ||   317
         Constrict         |    19 |    22 |    38 |    36 |    19 |    75 ||   209
         Kick              |     3 |     3 |    36 |    73 |    10 |       ||   125
         Punch             |     1 |     3 |     8 |    25 |    33 |    65 ||   135
  Throw: Dart              |     8 |     8 |    39 |    12 |     5 |       ||    72
         Boomerang         |       |       |    98 |       |       |       ||    98
         Javelin           |       |       |     5 |       |       |       ||     5
   Cast: Beastly Appendage |     4 |     3 |    13 |    10 |     3 |     1 ||    34
         Wereblood         |       |     2 |    12 |    25 |    47 |    31 ||   117
         Spider Form       |       |       |     5 |     4 |       |       ||     9
         Passwall          |       |       |       |     2 |       |       ||     2
         Ice Form          |       |       |       |    20 |    59 |    20 ||    99
         Swiftness         |       |       |       |     1 |       |     1 ||     2
         Blade Hands       |       |       |       |       |       |    35 ||    35
 Invoke: Renounce Religion |       |     1 |       |       |       |       ||     1
         Call Merchant     |       |       |       |     1 |     1 |       ||     2
         Potion Petition   |       |       |       |     2 |     1 |     4 ||     7
  Evoke: Wand              |       |     2 |     3 |     5 |     1 |       ||    11
         Phantom mirror    |       |       |       |       |     1 |       ||     1
    Use: Scroll            |     4 |     1 |    17 |     8 |    15 |     7 ||    52
         Potion            |     1 |     2 |     2 |    12 |     3 |     2 ||    22
   Stab: Sleeping          |     3 |     3 |     5 |    14 |    15 |    13 ||    53
         Paralysed         |       |     2 |     7 |       |       |       ||     9
         Distracted        |       |       |     1 |     3 |     7 |     9 ||    20
         Petrified         |       |       |       |       |     2 |       ||     2
         Petrifying        |       |       |       |       |     1 |       ||     1
         Invisible         |       |       |       |       |       |     6 ||     6
 Armour: Skin              |     3 |    26 |    18 |   100 |   227 |    72 ||   446
  Dodge: Dodged            |    46 |    46 |   170 |   425 |  1019 |   457 ||  2163
  Block: Other             |       |       |       |       |     1 |    39 ||    40

Table legend: (Time is in decaauts)
 A = Elapsed time spent in this place.
 B = Non-inter-level travel time spent in this place.
 C = Inter-level travel time spent in this place.
 D = Time resting spent in this place.
 E = Time spent auto-exploring this place.
 F = Levels seen in this place.
 G = Mean time per level.
                   A        B        C        D        E       F      G
               +--------+--------+--------+--------+--------+-----+--------+
         Total |  33038 |  30908 |   2130 |   6606 |  16759 |  28 | 1179.9 |
       Dungeon |  17985 |  16571 |   1414 |   3188 |   9733 |  15 | 1199.0 |
        Temple |     44 |     30 |     14 |      0 |     17 |   1 |   44.0 |
          Lair |   8251 |   7839 |    412 |   2196 |   3692 |   5 | 1650.2 |
  Orcish Mines |   1869 |   1668 |    201 |     52 |   1087 |   2 |  934.5 |
   Elven Halls |   2630 |   2541 |     89 |    507 |   1443 |   2 | 1315.0 |
        Bailey |    741 |    741 |      0 |    446 |     99 |   1 |  741.0 |
       Volcano |    344 |    344 |      0 |     42 |    178 |   1 |  344.0 |
    Desolation |   1171 |   1171 |      0 |    174 |    510 |   1 | 1171.0 |
               +--------+--------+--------+--------+--------+-----+--------+

Top non-repeatable levels by time:
     D:5: 2132 daAuts
    D:11: 1935 daAuts
  Lair:5: 1836 daAuts
  Lair:1: 1798 daAuts
   Elf:1: 1726 daAuts
  Lair:4: 1657 daAuts
    D:10: 1657 daAuts
  Lair:3: 1530 daAuts
  Lair:2: 1427 daAuts
   Orc:2: 1380 daAuts
     D:3: 1322 daAuts
    D:13: 1271 daAuts
     D:7: 1190 daAuts
Desolation: 1171 daAuts
    D:12: 1133 daAuts
